 Dungeon Crawl Stone Soup version 0.21-a0-41-g5e91fef (webtiles) character file.

63 roguesci the Insei (level 4, 0/23 HPs)
             Began as a Vine Stalker Transmuter on June 4, 2017.
             Succumbed to blackwizard's ghost's poison
             ... on level 3 of the Dungeon.
             The game lasted 00:07:52 (2714 turns).

roguesci the Insei (Vine Stalker Transmuter)        Turns: 2714, Time: 00:07:53

Health: 0/23       AC:  3    Str: 12    XL:     4   Next: 9%
Magic:  1/8        EV: 13    Int: 14    God:
Gold:   92         SH:  0    Dex: 15    Spells: 3/7 levels left

rFire    . . .     SeeInvis .     - Unarmed
rCold    . . .     Gourm    .   (no shield)
rNeg     . . .     Faith    .   b - +0 robe
rPois    .         Spirit   +   (no helmet)
rElec    .         Reflect  .   j - +0 cloak
rCorr    .         Harm     .   (no gloves)
MR       .....                  (no boots)
Stlth    ++........             (no amulet)
Regen    0.5/turn               (no ring)
MPRegen  0.2/turn               (no ring)

@: lethally poisoned (0 -> -3)
A: fangs 2, regeneration 1, magic shield, antimagic bite, no potion heal 3, rot
immunity
a: no special abilities


You were on level 3 of the Dungeon.
You were not hungry.

You visited 1 branch of the dungeon, and saw 3 of its levels.

You collected 92 gold pieces.

Inventory:

Missiles
 a - 12 arrows
 e - 44 stones (quivered)
Armour
 b - a +0 robe (worn)
 j - a +0 cloak (worn)
Scrolls
 f - 2 scrolls of remove curse {unknown}
 g - 3 scrolls of teleportation {unknown}
 i - 4 scrolls of identify {unknown}
 m - a scroll of recharging {unknown}
Potions
 h - 2 potions of curing
Books
 c - a book of Changes

   Spells                             Type                      Level
   a - Beastly Appendage              Transmutation                1
   b - Sticks to Snakes               Transmutation                2
   c - Spider Form                    Transmutation/Poison         3
   d - Ice Form                       Ice/Transmutation            4
   e - Blade Hands                    Transmutation                5
Comestibles
 d - 5 bread rations
 k - a meat ration
 n - a royal jelly
 p - 3 chunks of flesh


   Skills:
 * Level 1.6 Fighting
 * Level 2.3 Dodging
 + Level 0.6 Stealth
 - Level 3.0 Unarmed Combat
 + Level 2.3 Spellcasting
 * Level 2.6 Transmutations
 * Level 0.6 Poison Magic


You had 3 spell levels left.
You knew the following spells:

 Your Spells              Type           Power        Failure   Level  Hunger
a - Beastly Appendage     Tmut           #.....       8%          1    #......
b - Spider Form           Tmut/Pois      #.........   34%         3    ###....


Dungeon Overview and Level Annotations

Branches:
Dungeon (3/15)

Altars:

Annotations:
D:3 blackwizard's ghost, amateur TrSu


Innate Abilities, Weirdness & Mutations

You have extremely sharp teeth.
Your natural rate of healing is unusually fast.
When hurt, damage is shared between your health and your magic reserves.
Your bite disrupts and absorbs the magic of your enemies.
Potions cannot restore your health.
You are immune to rotting.


Message History

Your +0 cloak unmelds from your body.
Your +0 robe unmelds from your body.
You feel sick.
The quokka twitches its whiskers.
You feel sick. Blackwizard's ghost hits you.
You are lethally poisoned!
You feel sick.
* * * LOW HITPOINT WARNING * * *
You feel sick. The bat hits you.
* * * LOW HITPOINT WARNING * * *
* * * LOW HITPOINT WARNING * * *
You feel sick. The bat closely misses you.
* * * LOW HITPOINT WARNING * * *
You feel sick. The bat completely misses you.
* * * LOW HITPOINT WARNING * * *
You feel sick. The bat barely misses you.
* * * LOW HITPOINT WARNING * * *
You feel sick. The bat hits you but does no damage.
* * * LOW HITPOINT WARNING * * *
You feel sick. The bat barely misses you.
You die...

#
#......g...#......#
#
#.......##.###.####
##########.#..###.#
...# #.......r##.#
##.# #......g.##.#
#.# #.......r##.#
#.# #........##.#
#.####......Wb##.#
#...#..........@.#
####.#..........###
# #............# #
##..........## #
#......((..# #
#......##### #
#......# # #......#
# #......#


You could see blackwizard's ghost and a bat.

Vanquished Creatures
  An adder (D:2)
  2 worms
  4 dart slugs
  A leopard gecko (D:1)
  An orc (D:3)
  A ball python (D:2)
  2 bats (D:1)
  2 giant cockroaches
  5 goblins
  5 hobgoblins
  A quokka (D:2)
  2 frilled lizards (D:1)
  7 kobolds
  2 rats
36 creatures vanquished.

Vanquished Creatures (others)
  A dart slug (D:1)
  A kobold (D:1)
2 creatures vanquished.

Grand Total: 38 creatures vanquished

Notes
Turn   | Place    | Note
-------+----------+-------------------------------------------
     0 | D:1      | roguesci the Vine Stalker Transmuter began the quest for the Orb.
     0 | D:1      | Reached XP level 1. HP: 9/9 MP: 4/4
   395 | D:1      | Reached skill level 1 in Fighting
   395 | D:1      | Reached XP level 2. HP: 13/14 MP: 6/6
  1078 | D:2      | Reached XP level 3. HP: 18/18 MP: 7/7
  1087 | D:2      | Learned a level 3 spell: Spider Form
  2287 | D:3      | Gained mutation: Your natural rate of healing is unusually fast. [Vine Stalker growth]
  2287 | D:3      | Reached XP level 4. HP: 22/23 MP: 4/8
  2596 | D:3      | Noticed blackwizard's ghost (amateur TrSu)
  2712 | D:3      | HP: 1/23 [poisoned by blackwizard's ghost]
  2714 | D:3      | Succumbed to blackwizard's ghost's poison

Vault maps used:
D:1:      shiori_arrival_maze, lemuel_old_faithful
D:2:      minmay_statues_item, grunt_ministairs_8, minmay_bisected
D:3:      first_bread, minmay_cut_off

Skill      XL: |  1  2 |
---------------+-------+-----
Fighting       | 1 |  1.6
Dodging        | 2 |  2.3
Stealth        | |  0.6
Unarmed Combat | |  3.0
Spellcasting   | |  2.3
Transmutations | |  2.6
Poison Magic   | |  0.6

Action                   |  1- 3 |  4- 6 || total
-------------------------+-------+-------++-------
Melee: Unarmed           |   108 |    31 ||   139
       Bite              |    23 |       ||    23
       Kick              |    13 |       ||    13
       Headbutt          |     1 |       ||     1
Throw: Stone             |    13 |     1 ||    14
 Cast: Beastly Appendage |    16 |       ||    16
       Spider Form       |     2 |     4 ||     6
  Use: Potion            |       |     3 ||     3
 Stab: Sleeping          |     1 |       ||     1
  Eat: Chunk             |     3 |       ||     3
       Bread ration      |     1 |       ||     1
Armor: Robe              |    14 |    14 ||    28
       Skin              |       |     3 ||     3
Dodge: Dodged            |    60 |    79 ||   139
